 Dungeon Crawl Stone Soup version 0.29-a0-283-ga02f740833 (webtiles) character file.

Game seed: 7124904793358536726

87 Anunax the Magician (level 4, -1/33 HPs)
             Began as a Draconian Hedge Wizard on Mar 11, 2022.
             Slain by Pargi (2 damage)
             ... in a sewer on Mar 13, 2022.
             The game lasted 00:10:30 (3103 turns).

Anunax the Magician (Draconian Hedge Wizard)        Turns: 3103, Time: 00:10:31

Health: -1/33      AC:  5    Str: 13    XL:     4   Next: 28%
Magic:  9/9        EV: 12    Int: 16    God:
Gold:   179        SH:  0    Dex: 10    Spells: 7/10 levels left

rFire   . . .      SeeInvis .   k - +1 short sword (holy)
rCold   . . .      Faith    .   (no shield)
rNeg    . . .      Spirit   .   (body armour unavailable)
rPois   .          Reflect  .   b - +0 hat
rElec   .          Harm     .   (no cloak)
rCorr   .          Rampage  .   (no gloves)
Will    .....                   (no boots)
Stlth   +.........              (no amulet)
HPRegen 0.11/turn               (no ring)
MPRegen 0.11/turn               (no ring)

@: very slow
A: AC +5, unfitting armour, cold-blooded
a: no special abilities


You were in a sewer.
You visited 1 branch of the dungeon, and saw 3 of its levels.
You also visited: Sewer.

You collected 179 gold pieces.

Inventory:

Hand Weapons
 a - a +0 dagger
 k - a +1 short sword of holy wrath (weapon)
Armour
 b - a +0 hat (worn)
 h - a +0 robe
 q - a +2 helmet
Scrolls
 e - a scroll of fog {unknown}
 g - 2 scrolls of acquirement {unknown}
 i - a scroll of identify {unknown}
 j - 3 scrolls of teleportation {unknown}
 l - 2 scrolls of magic mapping {unknown}
 m - 2 scrolls of blinking {unknown}
 o - a scroll of vulnerability {unknown}
 p - a scroll of enchant weapon {unknown}
Potions
 c - a potion of magic
 d - 2 potions of haste {unknown}
 f - 2 potions of lignification {unknown}
 n - a potion of cancellation {unknown}


   Skills:
 + Level 0.1 Fighting
 + Level 0.9 Short Blades
 + Level 2.3 Dodging
 + Level 2.1 Stealth
 + Level 3.8 Spellcasting
 + Level 2.0 Conjurations
 + Level 1.1 Summonings
 + Level 1.0 Translocations


You had 7 spell levels left.
You knew the following spells:

 Your Spells              Type           Power      Damage    Failure   Level
a - Magic Dart            Conj           36%        1d4       8%          1
b - Call Imp              Summ           6%         N/A       16%         2

Your spell library contained the following spells:

 Spells                   Type           Power      Damage    Failure   Level
 Slow                     Hex            12%        N/A       17%         1
 Blink                    Tloc           12%        N/A       17%         2
 Conjure Flame            Conj/Fire      6%         6-21      34%         3
 Dazzling Flash           Conj/Hex       12%        N/A       34%         3
 Mephitic Cloud           Conj/Pois/Air  5%         N/A       36%         3
 Iskenderun's Mystic Bla  Conj/Tloc      7%         2d4       67%         4
 Starburst                Conj/Fire      3%         6d3       100%        6


Dungeon Overview and Level Annotations

Branches:
Dungeon (3/15)              Sewer (1/1)

Altars:
Fedhas

Shops:
D:2 (

Annotations:
D:3 Sigmund Sewer Pargi


Innate Abilities, Weirdness & Mutations

Your plain brown scales are hard. (AC +5)
You cannot fit into any form of body armour.
You are cold-blooded and may be slowed by cold attacks.


Message History

Pargi is lightly wounded.
Pargi closely misses you. Pargi claws you but does no damage.
Pargi completely misses you.
Your unstable footing causes you to fumble your attack.
Pargi bites you. Pargi barely misses you. Pargi claws you but does no damage.
Your unstable footing causes you to fumble your attack.
Pargi bites you.
* * * LOW HITPOINT WARNING * * *
Pargi claws you but does no damage. Pargi closely misses you.
Your unstable footing causes you to fumble your attack.
Pargi closely misses you. x2; Pargi claws you but does no damage.
Your unstable footing causes you to fumble your attack.
Pargi closely misses you. Pargi claws you.
* * * LOW HITPOINT WARNING * * *
Pargi misses you.
You hit Pargi.
Pargi is lightly wounded.
Pargi bites you but does no damage. Pargi closely misses you.
Pargi claws you but does no damage. Pargi barely misses you.
Pargi closely misses you. Pargi barely misses you.
Your unstable footing causes you to fumble your attack.
Pargi barely misses you. Pargi claws you but does no damage.
Pargi barely misses you.
You miss Pargi.
Pargi snarls, "Go!
Away!"
Pargi closely misses you. Pargi claws you but does no damage.
Pargi barely misses you.
You hit Pargi.
Your tail-slap misses Pargi.
Pargi is lightly wounded.
Pargi misses you. Pargi claws you.
* * * LOW HITPOINT WARNING * * *
Pargi claws you but does no damage.
Your unstable footing causes you to fumble your attack.
Pargi closely misses you. x3
You hit Pargi but do no damage.
Pargi is lightly wounded.
Pargi bites you.
* * * LOW HITPOINT WARNING * * *
Pargi claws you.
You die...

####≈≈≈≈≈≈≈≈≈≈≈≈
#≈≈≈≈≈≈≈≈≈≈≈≈≈≈≈
#≈≈≈≈≈≈≈≈≈≈≈≈≈≈≈
###≈≈≈≈≈≈≈≈≈≈≈≈≈≈≈
##≈≈≈≈≈≈≈≈≈≈≈≈≈≈≈≈≈
#≈≈≈≈≈≈≈≈≈≈≈≈≈≈≈≈≈≈
##≈≈≈≈≈≈≈≈≈≈≈≈≈≈≈≈≈≈
##≈≈≈≈≈≈≈≈≈≈@T≈≈≈..≈≈
##≈≈≈≈≈≈≈≈≈#.##.#####≈
##≈≈≈≈≈≈≈≈≈#### ≈#
##≈≈≈≈≈≈≈≈≈≈# .#
#≈≈≈≈≈≈≈≈≈≈## .#
#≈≈≈≈≈≈≈≈≈.# ≈#
#≈≈≈≈≈≈≈.## ≈#
##≈≈≈≈≈≈≈.# ≈#
#≈≈≈≈≈≈≈.##


You could see Pargi.

Vanquished Creatures
  3 adders
  A river rat (D:3)
  A worm (D:3)
  3 dart slugs
  3 ball pythons
  6 bats
  5 endoplasms
  3 giant cockroaches
  3 goblins
  2 hobgoblins
  A quokka (D:1)
  5 frilled lizards
  3 kobolds
  4 rats
  A bush (D:1)
44 creatures vanquished.

Notes
Turn   | Place    | Note
-------+----------+-------------------------------------------
     0 | D:1      | Anunax the Draconian Hedge Wizard began the quest for the
                  | Orb.
     0 | D:1      | Reached XP level 1. HP: 14/14 MP: 4/4
    68 | D:1      | Found a faded altar of an unknown god.
   451 | D:1      | Reached XP level 2. HP: 17/20 MP: 1/6
  1037 | D:1      | Upgraded the game from 0.29-a0-275-g389c0b56f3 to
                  | 0.29-a0-283-ga02f740833
  1037 | D:1      | Reached XP level 3. HP: 26/26 MP: 5/8
  1664 | D:2      | Found Luczen's Antique Weapon Boutique.
  2108 | D:2      | Found a blossoming altar of Fedhas.
  2484 | D:3      | Learned a level 2 spell: Call Imp
  2616 | D:3      | Noticed Sigmund
  2783 | D:3      | Reached XP level 4. HP: 24/33 MP: 6/9
  2866 | D:3      | Found a glowing drain.
  2997 | Sewer    | Entered a sewer
  3079 | Sewer    | Noticed Pargi
  3103 | Sewer    | HP: 1/33 [Pargi (1)]
  3103 | Sewer    | Slain by Pargi

Illustrated notes

Levels and vault maps discovered:
D:1:      wander_arrival_chamber, layout_rooms,
          hellmonk_ecumenical_altar_pennies_from_heaven, serial_forest,
          infiniplex_forest_clump_long, infiniplex_forest_zigzag_1,
          infiniplex_forest_straight_4, infiniplex_forest_clump_C,
          infiniplex_forest_clump_small, infiniplex_forest_zigzag_1
D:2:      layout_basic, serial_shops, shop, basic_altar
D:3:      wander_river, layout_loops_cross, portal_sewer_entry_b, uniq_sigmund
Sewer:    sewer_co_pargi_island

Skill      XL: |  1  2  3  4 |
---------------+-------------+-----
Dodging        | 2 |  2.3
Conjurations   | 2 |  2.0
Stealth        | 2 |  2.1
Fighting       | |  0.1
Short Blades   | |  0.9
Spellcasting   | |  3.8
Summonings     | |  1.1
Translocations | |  1.0

Action                   |  1- 3 |  4- 6 || total
-------------------------+-------+-------++-------
Melee: Dagger            |   397 |       ||   397
       Tailslap          |   104 |     2 ||   106
       Short sword       |    26 |    37 ||    63
       Punch             |     9 |       ||     9
 Cast: Magic Dart        |    93 |    12 ||   105
       Call Imp          |     2 |       ||     2
Armor: Skin              |    26 |    23 ||    49
Dodge: Dodged            |    48 |    43 ||    91

Table legend: (Time is in decaauts)
 A = Elapsed time spent in this place.
 B = Non-inter-level travel time spent in this place.
 C = Inter-level travel time spent in this place.
 D = Time resting spent in this place.
 E = Time spent auto-exploring this place.
 F = Levels seen in this place.
 G = Mean time per level.
                   A        B        C        D        E       F      G
               +--------+--------+--------+--------+--------+-----+--------+
         Total |   3121 |   2991 |    130 |    657 |   1545 |   4 |  780.2 |
       Dungeon |   3004 |   2874 |    130 |    657 |   1475 |   3 | 1001.3 |
         Sewer |    117 |    117 |      0 |      0 |     69 |   1 |  117.0 |
               +--------+--------+--------+--------+--------+-----+--------+

Top non-repeatable levels by time:
     D:1: 1593 daAuts
     D:2: 926 daAuts
     D:3: 484 daAuts
   Sewer: 117 daAuts
